 Dungeon Crawl Stone Soup version 0.24.0-13-gcf9b3192b9 (webtiles) character file.

Game seed: 17715703972916588754, levelgen mode: deterministic

532 Gumption the Sneak (level 7, -3/32 HPs)
             Began as a Vine Stalker Enchanter on Nov 6, 2019.
             Slain by Sigmund
             ... wielding a +2 scythe of venom
              (4 damage)
             ... on level 4 of the Dungeon.
             The game lasted 00:41:50 (4862 turns).

Gumption the Sneak (Vine Stalker Enchanter)         Turns: 4862, Time: 00:41:51

Health: -3/32      AC:  4    Str: 14    XL:     7   Next: 24%
Magic:  0/13       EV: 12    Int: 17    God:
Gold:   109        SH:  0    Dex: 19    Spells: 4/13 levels left

rFire    . . .     SeeInvis .   w - +6 trident "Yhifiwno" {pierce, Str+4 Dex+4 Stlth+}
rCold    . . .     Gourm    .   (no shield)
rNeg     . . .     Faith    .   g - +0 leather armour
rPois    +         Spirit   +   p - +0 helmet
rElec    .         Reflect  .   (no cloak)
rCorr    +         Harm     .   (no gloves)
MR       .....                  (no boots)
Stlth    ++++......             (no amulet)
HPRegen  0.50/turn              i - ring of resist corrosion
MPRegen  0.13/turn              l - ring of poison resistance

@: no status effects
A: fangs 2, regeneration 1, magic shield, antimagic bite, no potion heal 3, rot
immunity
a: no special abilities


You were on level 4 of the Dungeon.
You were not hungry.

You visited 1 branch of the dungeon, and saw 4 of its levels.
You also visited: Ossuary.

You collected 109 gold pieces.

Inventory:

Hand Weapons
 a - a +2 dagger of venom
 b - a +0 hunting sling
 w - the +6 trident "Yhifiwno" (weapon) {pierce, Str+4 Dex+4 Stlth+}
   (You found it on level 4 of the Dungeon)

   It inflicts extra damage upon your enemies.
   It affects your strength (+4).
   It affects your dexterity (+4).
   It makes you more stealthy.
Missiles
 f - 284 stones (quivered)
Armour
 g - a +0 leather armour (worn)
 p - a +0 helmet (worn)
Jewellery
 c - an uncursed amulet of regeneration
 i - a ring of resist corrosion (left hand)
 l - a ring of poison resistance (right hand)
Wands
 u - a wand of random effects (27)
Scrolls
 h - 2 scrolls of remove curse
Potions
 e - 4 potions of might
 j - 3 potions of haste
 k - 2 potions of lignification
 m - a potion of agility {unknown}
 n - a potion of degeneration {unknown}
 q - a potion of curing
 r - 3 potions of mutation
 s - 2 potions of resistance {unknown}
 t - a potion of magic {unknown}
Comestibles
 d - 8 rations


   Skills:
 - Level 0.8 Short Blades
 - Level 1.5 Dodging
 + Level 5.5 Stealth
 + Level 3.7 Spellcasting
 * Level 5.3 Hexes
 * Level 3.7 Ice Magic


You had 4 spell levels left.
You knew the following spells:

 Your Spells              Type           Power        Failure   Level  Hunger
a - Ensorcelled Hibernat  Hex/Ice        ###...       4%          2    ##.....
b - Corona                Hex            ###....      2%          1    None
c - Confuse               Hex            ###.....     7%          3    ###....
d - Tukima's Dance        Hex            ###.....     7%          3    ###....

Your spell library contained the following spells:

 Spells                   Type           Power        Failure   Level  Hunger
 Dazzling Spray           Conj/Hex       ##....       21%         3    ###....


Dungeon Overview and Level Annotations

Branches:
Dungeon (4/15)            Ossuary (visited)
 Temple: D:4-7

Altars:
Elyvilon
Makhleb
Sif Muna

Annotations:
D:4 Sigmund


Innate Abilities, Weirdness & Mutations

You have extremely sharp teeth.
Your natural rate of healing is unusually fast.
When hurt, damage is shared between your health and your magic reserves.
Your bite disrupts and absorbs the magic of your enemies.
Potions cannot restore your health.
You are immune to rotting.


Message History

* * * LOW HITPOINT WARNING * * *
The worker ant misses you. The worker ant barely misses you.
The worker ant bites you but does no damage.
You hit the worker ant but do no damage.
The worker ant is severely wounded.
The worker ant bites you but does no damage.
Something hits you but does no damage.
You are poisoned.
You barely miss the worker ant. You bite the worker ant. You drain its power.
You feel invigorated.
The worker ant is almost dead.
You feel sick. The worker ant closely misses you. The worker ant bites you.
* * * LOW HITPOINT WARNING * * *
You hit the worker ant.
You kill the worker ant!
You feel sick. Something hits you.
* * * LOW HITPOINT WARNING * * *
Your system rejects the healing.
You feel better. Something hits you.
You die...

# #.# #.#.# #######.#
#.#.# ......#.#.###.#.#
......#.#.......#
........#####.######## ###
...>.................. ..#
......#######.#########.##
......# #....#.......#
...###### #..#@#.###..##
...+....# #..#.#.###..#
...####.# #..#.{..##{.#
......#.# #..#.#.###..#
...##.#.#####..#.#.# #..#
.................... #..#
#####...########.#####..#
....'...'......... ....
#####...########.#


There were no monsters in sight!

Vanquished Creatures
  An elf zombie (Ossuary)
  A human zombie (Ossuary)
  2 centaur zombies (Ossuary)
  An iguana (D:4)
  2 worker ants (D:4)
  A big kobold zombie (Ossuary)
  2 mummies (Ossuary)
  4 gnolls (D:3)
  9 adders
  2 oozes
  An adder zombie (Ossuary)
  4 worms
  2 dart slugs
  2 orcs (D:3)
  3 ball pythons
  5 giant cockroaches
  9 goblins
  14 hobgoblins
  7 jackals (D:2)
  2 quokkas (D:2)
  6 bats
  7 frilled lizards
  A goblin zombie (Ossuary)
  10 hobgoblin zombies (Ossuary)
  3 jackal zombies (Ossuary)
  7 kobolds
  6 kobold zombies (Ossuary)
  10 orc zombies (Ossuary)
  7 rats
  A rat zombie (Ossuary)
132 creatures vanquished.

Notes
Turn   | Place    | Note
-------+----------+-------------------------------------------
     0 | D:1      | Gumption the Vine Stalker Enchanter began the quest for the
                  | Orb.
     0 | D:1      | Reached XP level 1. HP: 9/9 MP: 4/4
   445 | D:1      | Reached XP level 2. HP: 13/13 MP: 6/6
   486 | D:1      | Learned a level 2 spell: Ensorcelled Hibernation
   926 | D:1      | Reached XP level 3. HP: 16/16 MP: 5/7
   931 | D:1      | Learned a level 3 spell: Confuse
  1578 | D:2      | Reached skill level 1 in Ice Magic
  1853 | D:2      | Gained mutation: Your natural rate of healing is unusually
                  | fast. [Vine Stalker growth]
  1853 | D:2      | Reached XP level 4. HP: 21/21 MP: 6/9
  2088 | D:2      | Found a shimmering blue altar of Sif Muna.
  2623 | D:3      | Reached XP level 5. HP: 22/24 MP: 1/10
  2703 | D:3      | Learned a level 3 spell: Tukima's Dance
  2726 | D:3      | Found a burning altar of Makhleb.
  3078 | D:3      | Found a white marble altar of Elyvilon.
  3601 | D:4      | Reached XP level 6. HP: 28/28 MP: 11/11
  3776 | D:4      | Found a sand-covered staircase.
  3782 | Ossuary  | Entered an ossuary
  3848 | Ossuary  | Reached skill level 5 in Stealth
  4307 | Ossuary  | Reached skill level 5 in Hexes
  4307 | Ossuary  | Reached XP level 7. HP: 31/32 MP: 9/13
  4689 | D:4      | Got a slimy trident
  4703 | D:4      | Identified the +6 trident "Yhifiwno" {pierce, Str+4 Dex+4
                  | Stlth+} (You found it on level 4 of the Dungeon)
  4840 | D:4      | Noticed Sigmund
  4861 | D:4      | HP: 1/32 [something (2)]
  4862 | D:4      | Slain by Sigmund

Levels and vault maps discovered:
D:1:      roderic_chinese_lattice_arrival, layout_loops_cross
D:2:      layout_loops_cross, lemuel_crystal_altar
D:3:      layout_rooms, elyvilon_altar_5, bloody_makhleb, first_ration
D:4:      layout_basic, serial_shops, shop, gammafunk_ghost_cemetery,
          enter_ossuary_3, uniq_sigmund

Skill      XL: |  1  2  3  4  5  6 |
---------------+-------------------+-----
Stealth        | 4 5 |  5.5
Ice Magic      | 1 2 3 |  3.7
Hexes          | 4 5 |  5.3
Spellcasting   | 3 |  3.7
Short Blades   | |  0.8
Dodging        | |  1.5

Action                   |  1- 3 |  4- 6 |  7- 9 || total
-------------------------+-------+-------+-------++-------
Melee: Dagger            |   110 |   228 |    22 ||   360
       Bite              |    25 |    62 |     8 ||    95
       Trident           |       |       |     9 ||     9
 Fire: Hunting sling     |       |    21 |       ||    21
Throw: Stone             |     4 |     3 |       ||     7
 Cast: Corona            |    22 |     7 |       ||    29
       Ensorcelled Hiber |       |    32 |       ||    32
       Confuse           |       |    12 |     1 ||    13
  Use: Scroll            |     3 |     6 |     1 ||    10
       Potion            |       |       |     1 ||     1
 Stab: Sleeping          |    13 |    24 |     4 ||    41
       Distracted        |     1 |       |       ||     1
       Confused          |       |     5 |       ||     5
  Eat: Chunk             |     3 |     8 |     2 ||    13
       Ration            |       |     1 |       ||     1
Armor: Leather armour    |    28 |    46 |     3 ||    77
Dodge: Dodged            |    63 |    97 |    15 ||   175
